 Dungeon Crawl Stone Soup version 0.30.1-9-gdf580d7c3d (webtiles) character file.

Game seed: 17759695853030629728

25 Psyclone the Conjurer (level 2, -1/15 HPs)
             Began as a Deep Elf Conjurer on Sept 25, 2023.
             Slain by a hobgoblin (2 damage)
             ... led by Robin
             ... on level 1 of the Dungeon.
             The game lasted 00:01:31 (951 turns).

Psyclone the Conjurer (Deep Elf Conjurer)            Turns: 951, Time: 00:01:32

Health: -1/15      AC:  2    Str:  4    XL:     2   Next: 82%
Magic:  9/9        EV: 12    Int: 22    God:
Gold:   37         SH:  0    Dex: 13    Spells: 6/9 levels left

rFire   . . .        (no weapon)
rCold   . . .        (no shield)
rNeg    . . .        a - +0 robe
rPois   .            (no helmet)
rElec   .            (no cloak)
rCorr   .            (no gloves)
SInv    .            (no boots)
Will    .....        (no amulet)
Stlth   ++           (no ring)
HPRegen 0.22/turn    (no ring)
MPRegen 0.11/turn

%: no passive effects
@: no status effects
A: no striking features
a: no special abilities


You were on level 1 of the Dungeon.
You visited 1 branch of the dungeon, and saw 2 of its levels.

You collected 37 gold pieces.

Inventory:

Armour
 a - a +0 robe (worn)
Scrolls
 c - 2 scrolls of enchant armour {unknown}
 f - 2 scrolls of amnesia {unknown}
 g - a scroll of fear {unknown}
Potions
 b - a potion of magic
 d - a potion of berserk rage {unknown}
 e - 3 potions of curing {unknown}
 h - a potion of invisibility {unknown}
 i - a potion of brilliance {unknown}


   Skills:
 - Level 2.4 Dodging
 - Level 2.4 Stealth
 + Level 4.0 Spellcasting
 + Level 4.9 Conjurations


You had 6 spell levels left.
You knew the following spells:

 Your Spells              Type           Power      Damage    Failure   Level
a - Magic Dart            Conj           100%       1d8       1%          1
b - Searing Ray           Conj           52%        2d6       2%          2

Your spell library contained the following spells:

 Spells                   Type           Power      Damage    Failure   Level
 Dazzling Flash           Conj/Hex       30%        N/A       12%         3
 Fulminant Prism          Conj/Hex       7%         3d7       38%         4
 Iskenderun's Mystic Bla  Conj/Tloc      15%        2d5       38%         4


Dungeon Overview and Level Annotations

Branches:
Dungeon (2/15) Zot: 11047

Altars:

Annotations:
D:2 Robin


Message History

Aiming: Magic Dart (safe; 1% risk of failure)
Press: ? - help, Shift-Dir - straight line, f/p - goblin
Aim: a goblin, wielding a +0 club (moderately wounded, 100% to hit)
The magic dart hits the goblin!
You kill the goblin!
Your Spellcasting skill increases to level 4!
You now have 6/9 mp.
Casting: Magic Dart (safe; 1% risk of failure)
Confirm with . or Enter, or press ? or * to list all spells.
You can't see any susceptible monsters within range! (Use Z to cast anyway.) Unknown command.
Memorise Searing Ray, consuming 2 spell levels and leaving 6?
You start memorising the spell.
You continue memorising. x2
You finish memorising.
Spell assigned to 'b'.
You start resting.
Magic restored.
MP restored: 9 You climb downwards.
Level annotation: Robin The goblin hits you with a +0 club.
The hobgoblin hits you but does no damage.
The goblin unwields a +0 club.
The goblin wields a +0 sling.
The goblin shoots a sling bullet.
The sling bullet barely misses you. The goblin hits you with a +0 dagger.
The goblin shouts!
There is a stone staircase leading up, spattered with blood here.
You take 6 damage, and have 9/15 hp.
MASSIVE DAMAGE!!
The goblin hits you but does no damage. Robin throws the goblin at you!
The goblin hits you with a +0 club. The hobgoblin barely misses you.
The goblin hits you but does no damage.
You climb upwards.
There is a stone staircase leading down here.
You take 1 damage, and have 8/15 hp.
The hobgoblin hits you.
* * * LOW HITPOINT WARNING * * *
The goblin closely misses you. The goblin hits you with a +0 club.
* * * LOW HITPOINT WARNING * * *
You take 7 damage, and have 1/15 hp.
MASSIVE DAMAGE!!
The hobgoblin attacks as you move away! The hobgoblin hits you.
You die...

......######.#.###############
.............#...............#
......############.........#.####
......# ##.#######.#....# ...####
########.............#.# ##.#
#.....##...######.#..#.#
.#.#######.###.#...........#..#.#
...............g>g..########.##.#
.#########....##@g...........##.#
.#####........##.###.##########.#
.....#.#####..##.# #.#### #.#
.###.#...#.......###....# #.#
####.###.#.#......#####.# #.#
.....#####.#.####.# #.# #.#
.........#.#.# #.# #.#######.#
.....###.#.#.# #.# #.........#
########.....####.# ###########


You could see a hobgoblin and 2 goblins.

Vanquished Creatures
  A dart slug (D:1)
  4 ball pythons (D:1)
  2 endoplasms (D:1)
  A giant cockroach (D:1)
  3 goblins (D:1)
  A hobgoblin (D:1)
  A bat (D:1)
  2 frilled lizards (D:1)
  2 kobolds (D:1)
  8 rats (D:1)
25 creatures vanquished.

Notes
Turn   | Place    | Note
-------+----------+-------------------------------------------
     0 | D:1      | Psyclone the Deep Elf Conjurer began the quest for the Orb.
     0 | D:1      | Reached XP level 1. HP: 10/10 MP: 6/6
   164 | D:1      | Reached XP level 2. HP: 9/15 MP: 3/8
   916 | D:2      | Noticed Robin
   924 | D:1      | Learned a level 2 spell: Searing Ray
   951 | D:1      | Slain by a hobgoblin

Illustrated notes

Levels and vault maps discovered:
D:1:      dpeg_arrival_round_a, layout_basic
D:2:      layout_loops_corners, basic_altar, wad_floor_pattern_untrapped,
          uniq_robin

Skill      XL: |  1  2 |
---------------+-------+-----
Spellcasting   | 4 |  4.0
Dodging        | |  2.4
Stealth        | |  2.4
Conjurations   | |  4.9

Action                     || total
---------------------------++-------
   Cast: Magic Dart        ||    42
 Armour: Robe              ||     4
  Dodge: Dodged            ||     8
